AoeStats
← Tilikoglu

Fortress

510189688Analyzed
4v4 RM · 22h ago on Sep 29, 2026· 66m 30s· 8 players
Game mode
Random Map
Map size
Huge
Population
200
Speed
Normal
Resources
Standard
Victory
Conquest
Starting age
Dark Age
Ending age
Imperial Age
RankedLock teamsTeams togetherTeam positionsShared explorationLock speedFull tech treeHidden civsTurbo modeCheats
Victory
Defeat
🇨🇭 Britons · Switzerland
1794
+12
🇨🇭 Slavs · Switzerland
1686
+17
🇹🇷 Dravidians · Türkiye
1629
+19
🇪🇨 Koreans · Ecuador
1485
+25
🇦🇷 Bengalis · Argentina
1719
-19
🇦🇷 Celts · Argentina
1710
-19
🇦🇷 Teutons · Argentina
1693
-18
🇦🇷 Poles · Argentina
1663
-17
Tilikoglu
7:49 Feudal Age
11:33 Castle Age
9:21 Double-Bit Axe
9:18 Horse Collar
12:43 Bow Saw
12:34 Heavy Plow
16:45 Gold Mining
17:37 Wheelbarrow
17:50 Scale Mail Armor
20:51 Forging
22:19 Hand Cart
21:50 Loom
21:51 Town Watch
26:10 Imperial Age
24:10 Fletching
24:20 Padded Archer Armor
26:41 Squires
26:27 Arson
26:41 Bodkin Arrow
27:02 Leather Archer Armor
27:09 Ballistics
28:17 Two-Man Saw
27:09 Stone Mining
27:43 Conscription
27:29 Medical Corps
28:07 Bracer
29:09 Chemistry
28:21 Fortified Wall
28:22 Masonry
28:15 Elite Elephant Archer
30:12 Ring Archer Armor
30:08 Husbandry
31:38 Thumb Ring
38:35 Coinage
38:05 Caravan
38:16 Guilds
38:45 Iron Casting
38:26 Chain Mail Armor
38:18 Scale Barding Armor
41:32 Chain Barding Armor
42:12 Blast Furnace
40:35 Light Cavalry
48:55 Elite Skirmisher
50:27 Wootz Steel
[BÜN] Mr. Grüezi
7:32 Feudal Age
11:10 Castle Age
9:20 Double-Bit Axe
9:28 Horse Collar
11:52 Heavy Plow
16:29 Loom
17:16 Scale Barding Armor
19:24 Wheelbarrow
22:39 Hand Cart
24:39 Gold Mining
24:40 Stone Mining
25:27 Forging
25:18 Scale Mail Armor
28:06 Imperial Age
25:54 Town Watch
26:12 Pikeman
26:52 Squires
27:49 Chain Mail Armor
28:09 Iron Casting
29:15 Conscription
28:48 Capped Ram
28:59 Halberdier
29:46 Siege Ram
31:10 Plate Mail Armor
31:40 Blast Furnace
30:31 Fletching
34:41 Bodkin Arrow
35:28 Detinets
34:51 Elite Boyar
36:02 Siege Engineers
36:21 Chain Barding Armor
37:19 Bloodlines
37:10 Husbandry
37:46 Plate Barding Armor
37:32 Caravan
39:22 Gold Shaft Mining
42:28 Hoardings
44:54 Onager
45:58 Masonry
45:39 Guard Tower
46:52 Chemistry
46:48 Bow Saw
46:37 Siege Onager
56:32 Druzhina
58:14 Ballistics
57:45 Man-at-Arms
58:53 Long Swordsman
59:28 Two-Handed Swordsman
60:28 Murder Holes
61:01 Town Patrol
60:28 Champion
[BÜN] Schmirgel
7:08 Feudal Age
11:29 Castle Age
9:39 Double-Bit Axe
9:50 Horse Collar
12:38 Bow Saw
13:29 Heavy Plow
15:44 Gold Mining
16:13 Loom
16:14 Town Watch
17:30 Fletching
18:18 Wheelbarrow
20:01 Hand Cart
24:12 Imperial Age
22:08 Padded Archer Armor
22:37 Bodkin Arrow
23:23 Leather Archer Armor
25:14 Conscription
25:03 Bracer
26:05 Chemistry
26:09 Two-Man Saw
26:03 Ballistics
27:00 Fortified Wall
26:45 Murder Holes
29:19 Ring Archer Armor
28:55 Siege Engineers
28:55 Caravan
29:42 Yeomen
29:40 Masonry
29:52 Elite Longbowman
31:55 Architecture
31:34 Warwolf
38:33 Hoardings
43:00 Treadmill Crane
43:07 Arrowslits
43:12 Guard Tower
45:40 Keep
45:44 Coinage
53:36 Banking
53:16 Guilds
[SotC] Gandalf
7:51 Feudal Age
11:37 Castle Age
9:32 Horse Collar
10:01 Double-Bit Axe
12:29 Bow Saw
13:58 Heavy Plow
18:39 Wheelbarrow
18:42 Gold Mining
18:49 Stone Mining
19:35 Loom
19:38 Town Watch
24:53 Imperial Age
22:39 Fletching
23:44 Bodkin Arrow
24:02 Squires
24:49 Ballistics
24:34 Scale Mail Armor
25:47 Chain Mail Armor
25:43 Forging
26:39 Chemistry
25:25 Treadmill Crane
26:11 Conscription
25:50 Pikeman
26:08 Man-at-Arms
27:26 Plate Mail Armor
28:12 Halberdier
29:44 Hand Cart
31:22 Iron Casting
30:34 Arson
31:21 Bracer
33:30 Elite Fire Lancer
35:05 Scale Barding Armor
35:27 Caravan
36:07 Elite War Wagon
38:28 Coinage
38:08 Guilds
39:52 Fortified Wall
39:38 Murder Holes
39:53 Masonry
39:49 Town Patrol
42:24 Eupseong
45:18 Architecture
45:22 Banking
52:11 Siege Engineers
51:52 Arrowslits
52:36 Shinkichon
55:33 Heated Shot
57:30 Chain Barding Armor
58:35 Man-at-Arms
59:33 Long Swordsman
60:10 Two-Handed Swordsman
60:56 Champion
Lic. VELEZ Y VINO
7:42 Feudal Age
11:17 Castle Age
10:37 Double-Bit Axe
11:13 Horse Collar
17:24 Bow Saw
17:17 Heavy Plow
19:10 Wheelbarrow
18:42 Loom
19:56 Scale Barding Armor
20:31 Gold Mining
21:30 Chain Barding Armor
22:07 Bloodlines
22:43 Stone Mining
26:53 Imperial Age
25:21 Forging
24:41 Pikeman
25:21 Squires
25:22 Scale Mail Armor
25:41 Hand Cart
25:32 Fletching
26:57 Ballistics
27:16 Chain Mail Armor
28:40 Plate Mail Armor
27:48 Elite Teutonic Knight
29:44 Chemistry
29:34 Conscription
30:38 Plate Barding Armor
29:38 Onager
30:42 Siege Engineers
31:24 Masonry
31:12 Bodkin Arrow
31:39 Crenellations
32:57 Iron Casting
33:39 Padded Archer Armor
34:09 Elite Skirmisher
35:33 Leather Archer Armor
36:19 Blast Furnace
36:44 Ring Archer Armor
36:15 Cavalier
39:15 Blast Furnace
37:36 Paladin
42:27 Hoardings
42:04 Caravan
43:43 Guilds
60:12 Capped Ram
61:16 Guard Tower
61:12 Arrowslits
64:29 Keep
B.R Matias
7:29 Feudal Age
11:18 Castle Age
9:19 Double-Bit Axe
9:30 Horse Collar
12:02 Heavy Plow
21:33 Loom
22:23 Wheelbarrow
23:06 Bow Saw
29:02 Imperial Age
27:25 Gold Mining
27:42 Fletching
29:01 Bodkin Arrow
29:25 Padded Archer Armor
29:57 Ballistics
30:13 Conscription
29:58 Bracer
31:00 Chemistry
31:10 Leather Archer Armor
31:07 Bloodlines
30:58 Husbandry
32:19 Elite Elephant Archer
44:35 Caravan
51:31 Light Cavalry
51:47 Siege Elephant
53:39 Scale Barding Armor
53:45 Forging
55:04 Elite Skirmisher
58:39 Chain Barding Armor
61:24 Iron Casting
qwertyoN.-
7:08 Feudal Age
10:52 Castle Age
9:10 Horse Collar
9:16 Double-Bit Axe
9:36 Double-Bit Axe
11:56 Bow Saw
13:34 Heavy Plow
17:03 Wheelbarrow
18:55 Hand Cart
19:42 Gold Mining
20:23 Husbandry
20:34 Forging
20:30 Scale Barding Armor
20:34 Loom
20:35 Town Watch
24:05 Imperial Age
21:42 Stone Mining
22:03 Bloodlines
22:36 Szlachta Privileges
23:11 Chain Barding Armor
24:19 Cavalier
27:25 Chemistry
28:48 Treadmill Crane
29:20 Fletching
29:29 Elite Skirmisher
30:05 Bodkin Arrow
31:03 Conscription
31:01 Bracer
31:01 Padded Archer Armor
31:44 Masonry
33:19 Leather Archer Armor
32:39 Light Cavalry
33:54 Caravan
34:38 Lechitic Legacy
35:04 Thumb Ring
36:25 Iron Casting
36:44 Ballistics
36:30 Siege Engineers
37:09 Winged Hussar
43:10 Coinage
49:02 Banking
Buchi
7:04 Feudal Age
11:06 Castle Age
9:14 Horse Collar
9:49 Double-Bit Axe
10:22 Arson
11:13 Scale Mail Armor
12:09 Bow Saw
12:51 Chain Mail Armor
16:48 Forging
22:55 Heavy Plow
22:49 Loom
24:26 Wheelbarrow
29:52 Imperial Age
27:42 Stone Mining
27:43 Gold Mining
29:40 Iron Casting
29:01 Town Watch
29:36 Hand Cart
28:59 Pikeman
30:07 Halberdier
31:17 Plate Mail Armor
31:19 Masonry
31:21 Onager
34:16 Blast Furnace
33:48 Siege Onager
35:25 Siege Engineers
37:18 Furor Celtica
38:45 Conscription
40:04 Chemistry
40:52 Elite Woad Raider
49:43 Caravan
51:05 Capped Ram
53:26 Siege Ram
63:43 Gold Shaft Mining
63:44 Stone Shaft Mining
63:00 Fletching
64:19 Coinage
Connection lost

Rejoining the realm…

Still unreachable

The connection could not be restored.

Session expired

The server has moved on; the page needs a fresh start.